 Dungeon Crawl Stone Soup version 0.30-a0-996-ga6910c8ee8 (webtiles) character file.

Game seed: 11389782964575752318

268 pokeman the Magician (level 6, 0/34 HPs)
             Began as a Deep Elf Hedge Wizard on Apr 4, 2023.
             Slain by an orc wizard
             ... wielding a +2 dagger of venom
              (5 damage)
             ... on level 4 of the Dungeon.
             The game lasted 00:06:37 (4817 turns).

pokeman the Magician (Deep Elf Hedge Wizard)        Turns: 4817, Time: 00:06:38

Health: 0/34       AC:  3    Str:  7    XL:     6   Next: 0%
Magic:  7/17       EV: 13    Int: 21    God:
Gold:   231        SH:  0    Dex: 14    Spells: 10/18 levels left

rFire   . . .      SeeInvis .    q - +1 dagger (freeze)
rCold   . . .      Faith    .    (no shield)
rNeg    . . .      Spirit   .    b - +0 robe
rPois   .          Reflect  .    c - +0 hat
rElec   .          Rampage  .    w - +0 cloak
rCorr   .                        (no gloves)
Will    .....                    (no boots)
Stlth   +                        l - amulet of the acrobat
HPRegen 0.25/turn                (no ring)
MPRegen 0.15/turn                (no ring)

@: confused
A: no striking features
a: no special abilities


You were on level 4 of the Dungeon.
You visited 2 branches of the dungeon, and saw 5 of its levels.

You collected 231 gold pieces.

Inventory:

Hand Weapons
 q - a +1 dagger of freezing (weapon)
 v - a +2 quarterstaff of chaos
Armour
 b - a +0 robe (worn)
 c - a +0 hat (worn)
 w - a +0 cloak (worn)
Jewellery
 l - an amulet of the acrobat (around neck)
Scrolls
 f - a scroll of acquirement {unknown}
 g - 4 scrolls of identify {unknown}
 j - a scroll of magic mapping {unknown}
 k - a scroll of teleportation {unknown}
 m - a scroll of immolation {unknown}
 o - a scroll of torment {unknown}
 p - a scroll of fog {unknown}
 r - a scroll of enchant armour {unknown}
 s - a scroll of vulnerability {unknown}
 u - a scroll of silence {unknown}
Potions
 a - a potion of mutation {unknown}
 d - a potion of magic
 e - a potion of haste {unknown}
 h - 4 potions of curing {unknown}
 i - 2 potions of lignification {unknown}
 n - a potion of brilliance {unknown}
 t - 2 potions of ambrosia {unknown}
 x - a potion of might {unknown}


   Skills:
 + Level 1.1 Fighting
 - Level 1.0 Armour
 - Level 3.0 Dodging
 - Level 3.0 Stealth
 * Level 6.7 Spellcasting
 + Level 3.0 Conjurations
 + Level 1.2 Summonings
 - Level 1.1 Translocations
 - Level 1.0 Air Magic
 - Level 1.0 Poison Magic


You had 10 spell levels left.
You knew the following spells:

 Your Spells              Type           Power      Damage    Failure   Level
a - Magic Dart            Conj           76%        1d6       2%          1
b - Mephitic Cloud        Conj/Pois/Air  14%        N/A       14%         3
c - Call Imp              Summ           12%        N/A       9%          2
d - Blink                 Tloc           22%        N/A       9%          2

Your spell library contained the following spells:

 Spells                   Type           Power      Damage    Failure   Level
 Slow                     Hex            28%        N/A       9%          1
 Cigotuvi's Dreadful Rot  Necr/Pois/Air  18%        N/A       11%         2
 Gell's Gravitas          Tloc           11%        N/A       17%         3
 Teleport Other           Tloc           11%        N/A       17%         3
 Dispersal                Tloc           5%         N/A       100%        6


Dungeon Overview and Level Annotations

Branches:
Dungeon (4/15)             Temple (1/1) D:4

Altars:
Cheibriados
Hepliaklqana
Kikubaaqudgha
Makhleb
Okawaru
Trog
Uskayaw
Wu Jian
Xom
Yredelemnul
The Shining One

Shops:
D:1 (


Message History

You completely miss the orc priest.
The orc priest is moderately wounded.
The orc priest closely misses you.
Your crimson imp hits the orc priest.
Unknown command.
You hit the orc priest. You freeze the orc priest.
The orc priest is severely wounded.
The orc priest hits your crimson imp but does no damage.
Your crimson imp hits the orc priest but does no damage.
You catch the helpless orc priest completely off-guard!
You puncture the orc priest! You freeze the orc priest.
You kill the orc priest!
Your crimson imp blinks!
Your Conjurations skill increases to level 3!
You have reached level 6!
You hit the orc wizard. You freeze the orc wizard.
The orc wizard is heavily wounded.
You barely miss the orc wizard.
You punch the orc wizard, but do no damage.
The orc wizard is heavily wounded.
The orc wizard barely misses you.
Your crimson imp blinks!
You hit the orc wizard. You freeze the orc wizard.
The orc wizard is severely wounded.
The orc wizard seems less confused.
The orc wizard points at you and mumbles some strange words.
You are confused.
Your crimson imp blinks!
Unknown command.
The orc wizard completely misses you.
You hit the orc wizard but do no damage.
The orc wizard is severely wounded.
The orc wizard gestures at you while chanting.
The magic dart hits you!
You bump into the rock wall.
The orc wizard gestures at you while chanting.
The puff of flame hits you!
* * * LOW HITPOINT WARNING * * *
You bump into the rock wall.
The orc wizard hits you with a +2 dagger of venom.
You die...

..###....## #.>
.###...### #.. ## #..##
#.# #.## #.#
#.########.#
#........).## ##+#
#...........# ...#
##...........####..#..#
###.........#...@o))..!#
.<.......#########..)..#
.......### ###......
......## (...## ####...#
.### # ##### .# # # # #


You could see an orc wizard.

Vanquished Creatures
  A hound (D:4)
  An orc priest (D:4)
  Crazy Yiuf (D:3)
  An iguana (D:4)
  5 adders
  A worm (D:3)
  4 dart slugs
  8 orcs
  3 bats
  6 endoplasms
  4 giant cockroaches
  9 goblins
  10 hobgoblins
  4 jackals (D:1)
  11 kobolds
  3 quokkas
  8 ball pythons
  A frilled lizard (D:2)
  6 rats
  A spectral goblin (D:3)
  A spectral kobold (D:1)
89 creatures vanquished.

Vanquished Creatures (others)
  6 plants (D:2)
6 creatures vanquished.

Grand Total: 95 creatures vanquished

Notes
Turn   | Place    | Note
-------+----------+-------------------------------------------
     0 | D:1      | pokeman the Deep Elf Hedge Wizard began the quest for the
                  | Orb.
     0 | D:1      | Reached XP level 1. HP: 10/10 MP: 7/7
   321 | D:1      | Reached XP level 2. HP: 16/16 MP: 4/9
   373 | D:1      | Found a faded altar of an unknown god.
   953 | D:1      | Reached skill level 5 in Spellcasting
  1025 | D:1      | Found Suefopuu's Weapon Emporium.
  1097 | D:1      | Reached XP level 3. HP: 20/20 MP: 9/11
  1101 | D:1      | Learned a level 3 spell: Mephitic Cloud
  1104 | D:1      | Learned a level 2 spell: Call Imp
  1107 | D:1      | Learned a level 2 spell: Blink
  1284 | D:2      | Found a hide-covered altar of Uskayaw.
  1295 | D:2      | Reached skill level 1 in Fighting
  1418 | D:2      | Reached skill level 1 in Armour
  1919 | D:2      | Reached XP level 4. HP: 25/25 MP: 7/13
  2439 | D:3      | Found a hazy altar of Hepliaklqana.
  2915 | D:3      | Found a burning altar of Makhleb.
  3000 | D:3      | You fall into a shaft and drop 1 floor!
  3012 | D:4      | Reached skill level 6 in Spellcasting
  3112 | D:4      | Reached XP level 5. HP: 29/29 MP: 8/15
  3479 | D:3      | Found a runed translucent door.
  3480 | D:3      | Noticed Crazy Yiuf
  4227 | D:3      | Killed Crazy Yiuf
  4228 | D:3      | Reached skill level 1 in Air Magic
  4346 | D:4      | Reached skill level 1 in Poison Magic
  4545 | D:4      | Found a staircase to the Ecumenical Temple.
  4554 | Temple   | Entered the Ecumenical Temple
  4810 | D:4      | Reached XP level 6. HP: 21/34 MP: 6/17
  4817 | D:4      | Slain by an orc wizard

Illustrated notes

Levels and vault maps discovered:
D:1:      dpeg_arrival_renting, layout_basic,
          dreamdust_ecumenical_altar_drowned_temple, serial_shops,
          nicolae_shop_bloodbath_and_beyond, chequers_arboretum
D:2:      wad_lake_hut, layout_basic, basic_altar
D:3:      minmay_chambers_of_twos, layout_loops_ring,
          nicolae_hepliaklqana_monster_ancestors, lightli_temple_of_fire,
          uniq_crazy_yiuf_cottage
D:4:      layout_layer_cave, kennysheep_little_box, nicolae_gozag_seed_capital,
          minmay_temple_entry_waves
Temple:   hellmonk_temple_micro_hex

Skill      XL: |  1  2  3  4  5 |
---------------+----------------+-----
Spellcasting   | 5 6 |  6.7
Fighting       | 1 |  1.1
Armour         | 1 |  1.0
Conjurations   | 2 3 |  3.0
Dodging        | 3 |  3.0
Stealth        | 3 |  3.0
Air Magic      | 1 |  1.0
Poison Magic   | 1 |  1.0
Summonings     | |  1.2
Translocations | |  1.1

Action                     |  1- 3 |  4- 6 || total
---------------------------+-------+-------++-------
  Melee: Dagger            |    12 |    15 ||    27
         Punch             |       |     1 ||     1
   Cast: Magic Dart        |   101 |   161 ||   262
         Call Imp          |       |     4 ||     4
         Mephitic Cloud    |       |     3 ||     3
   Stab: Sleeping          |     1 |       ||     1
         Confused          |       |     1 ||     1
 Armour: Robe              |     8 |     3 ||    11
  Dodge: Dodged            |    29 |    32 ||    61

Table legend: (Time is in decaauts)
 A = Elapsed time spent in this place.
 B = Non-inter-level travel time spent in this place.
 C = Inter-level travel time spent in this place.
 D = Time resting spent in this place.
 E = Time spent auto-exploring this place.
 F = Levels seen in this place.
 G = Mean time per level.
                   A        B        C        D        E       F      G
               +--------+--------+--------+--------+--------+-----+--------+
         Total |   4870 |   4791 |     79 |     17 |   4237 |   5 |  974.0 |
       Dungeon |   4868 |   4789 |     79 |     17 |   4237 |   4 | 1217.0 |
        Temple |      1 |      1 |      0 |      0 |      0 |   1 |    1.0 |
               +--------+--------+--------+--------+--------+-----+--------+

Top non-repeatable levels by time:
     D:3: 1870 daAuts
     D:1: 1221 daAuts
     D:2: 1042 daAuts
     D:4: 735 daAuts
  Temple: 1 daAuts
